 Dungeon Crawl Stone Soup version 0.17-a0-1409-ge6d9485 (webtiles) character file.

156 Fizybubbleh the Chopper (level 5, -3/42 HPs)
             Began as a Hill Orc Gladiator on June 22, 2015.
             Blown up by a crimson imp (12 damage)
             ... with a wand of disintegration
             ... on level 4 of the Dungeon.
             The game lasted 00:11:24 (4050 turns).

Fizybubbleh the Chopper (Hill Orc Gladiator)        Turns: 4050, Time: 00:11:24

Health: -3/42      AC:  4    Str: 18    XL:     5   Next: 38%
Magic:  14/14      EV: 12    Int:  8    God:
Gold:   203        SH:  0    Dex: 12    Spells: 0 memorised, 4 levels left

rFire  . . .     SeeInvis .     a - +0 war axe
rCold  . . .     Clarity  .     b - +0 leather armour
rNeg   . . .     SustAt   .     (no shield)
rPois  .         Gourm    .     c - +0 helmet
rElec  .         Spirit   .     (no cloak)
rCorr  .         Warding  .     (no gloves)
rMut   .         Stasis   .     (no boots)
MR     .....                    (no amulet)
Stlth  +.........               (no ring)
                                i - ring of magical power

@: drained, not resistant to hostile enchantments, very unstealthy
A: no striking features
a: no special abilities


You were on level 4 of the Dungeon.
You were near starving.

You visited 1 branch of the dungeon, and saw 5 of its levels.

You collected 203 gold pieces.

Inventory:

Hand weapons
 a - a +0 war axe (weapon)
 k - a +0 hunting sling
 p - a -1 blowgun
Missiles
 d - 3 throwing nets (quivered) {=f}
 l - 22 sling bullets
Armour
 b - a +0 leather armour (worn)
 c - a +0 helmet (worn)
Jewellery
 i - a ring of magical power (left hand)
Scrolls
 f - a scroll of magic mapping
 n - a scroll of enchant weapon
Potions
 g - 2 potions of curing
 q - 2 potions of flight
Comestibles
 e - a bread ration
 h - a slice of pizza
 j - 2 fruits
 r - a meat ration


   Skills:
 - Level 2.4(2.3) Fighting
 + Level 7.8(7.7) Axes
 - Level 2.0(1.9) Throwing
 - Level 2.4(2.3) Dodging


You had 4 spell levels left.
You didn't know any spells.

Dungeon Overview and Level Annotations

Branches:
Dungeon (5/15)
 Temple: D:4-7

Altars:
Ashenzari
Nemelex Xobeh
Xom

Annotations:
D:3 exclusion: upstairs, Borgoz's ghost, average MfTm
D:4 exclusion: Crazy Yiuf, Crazy Yiuf; Menkaure
D:5 Dowan; Duvessa


Message History

You barely miss the crimson imp. The crimson imp puffs mist at you.
The crimson imp zaps a wand.
You are blasted!
You take 3 damage, and have 30/42 hp.
You miss the crimson imp.
The crimson imp zaps a wand.
You are blasted!
Ouch! That really hurt!
* * * LOW HITPOINT WARNING * * *
You take 21 damage, and have 9/42 hp.
MASSIVE DAMAGE!!
You hit the crimson imp. The crimson imp closely misses you.
You closely miss the crimson imp.
The crimson imp zaps a wand.
You barely resist. You slash the crimson imp!
The crimson imp zaps a wand.
You are blasted!
You die...

+.............##...###'###
#............##'####...##
####............#...........
...'............'....5......
..#.....##.....##..........
###'####.....##...##...##
#.....##.....'....##...##
#####+##............##...##..M..
#..............@....##...##...5.
#..............5.....#..........
#.............>......'..........
#.....##.............#..........
#.....##.....##.....##...##...##
#.....##.....##.....##'####...##
#.....##.....##......#........#.
#..)..........#......'........'.
#.............'......#........#.


You could see a crimson imp.

Vanquished Creatures
  2 crimson imps (D:4)
  An adder (D:3)
  An ooze (D:1)
  2 worms
  3 giant geckos
  7 bats
  3 giant cockroaches
  5 goblins
  9 hobgoblins
  11 jackals
  2 quokkas
  A ball python (D:3)
  2 giant newts
  8 kobolds
  11 rats
68 creatures vanquished.

Notes
Turn   | Place    | Note
--------------------------------------------------------------
     0 | D:1      | Fizybubbleh the Hill Orc Gladiator began the quest for the Orb.
     0 | D:1      | Reached XP level 1. HP: 18/18 MP: 1/1
   229 | D:1      | Reached XP level 2. HP: 25/25 MP: 2/2
   309 | D:1      | Reached skill level 5 in Axes
   414 | D:1      | Reached XP level 3. HP: 24/30 MP: 3/3
   845 | D:1      | Reached skill level 6 in Axes
  1252 | D:2      | Found a shattered altar of Ashenzari.
  1756 | D:3      | Noticed Borgoz's ghost (average MfTm)
  1761 | D:2      | Reached XP level 4. HP: 32/37 MP: 4/4
  2501 | D:3      | Found a sparkling altar of Nemelex Xobeh.
  3079 | D:4      | Reached skill level 7 in Axes
  3079 | D:4      | Reached XP level 5. HP: 28/42 MP: 5/5
  3183 | D:4      | Noticed an ogre
  3186 | D:4      | Noticed Menkaure
  3483 | D:4      | Found a shimmering altar of Xom.
  3619 | D:4      | Noticed Crazy Yiuf
  3703 | D:5      | Entered Level 5 of the Dungeon
  4013 | D:5      | Noticed Duvessa
  4026 | D:5      | Noticed Dowan
  4050 | D:4      | Blown up by a crimson imp

Vault maps used:
D:1:      dpeg_arrival_rhombus, minmay_rat_gold_closets
D:2:      evilmike_ruin_ashenzari
D:3:      lemuel_round_altar, minivault_19
D:4:      led_xom_imps, gammafunk_temple_overflow_elements, serial_shops, shop,
          nicolae_shop_behind_doors, uniq_edmund, uniq_menkaure,
          uniq_crazy_yiuf_cottage
D:5:      lemuel_temple_firewalk_marked, first_bread, uniq_eustachio,
          uniq_duvessa

Action                   |  1- 3 |  4- 6 || total
-------------------------+-------+-------++-------
Melee: War axe           |   117 |    95 ||   212
 Fire: Hunting sling     |       |    37 ||    37
  Use: Scroll            |       |     7 ||     7
       Potion            |       |     1 ||     1
 Stab: Distracted        |     1 |       ||     1
       Sleeping          |     1 |       ||     1
  Eat: Chunk             |     1 |     3 ||     4
       Bread ration      |       |     1 ||     1
